 Dungeon Crawl Stone Soup version 0.30-a0-122-g2a1322497e (webtiles) character file.

Game seed: 9720210873745538756

3 KittyKat the Insei (level 1, -1/15 HPs)
             Began as a Demonspawn Transmuter on Sept 15, 2022.
             Frozen to death by an endoplasm (5 damage)
             ... on level 1 of the Dungeon.
             The game lasted 00:00:22 (95 turns).

KittyKat the Insei (Demonspawn Transmuter)            Turns: 95, Time: 00:00:22

Health: -1/15      AC:  2    Str: 10    XL:     1   Next: 41%
Magic:  3/3        EV: 12    Int: 14    God:
Gold:   17         SH:  0    Dex: 13    Spells: 3/4 levels left

rFire   . . .      SeeInvis .      - Unarmed
rCold   . . .      Faith    .    (no shield)
rNeg    . . .      Spirit   .    a - +0 robe
rPois   .          Reflect  .    (helmet currently unavailable)
rElec   .          Harm     .    (no cloak)
rCorr   .          Rampage  .    (no gloves)
Will    .....                    (boots currently unavailable)
Stlth   +.........               (no amulet)
HPRegen 0.05/turn                (no ring)
MPRegen 0.08/turn                (no ring)

@: appendages (expiring)
A: horns 2, talons 2
a: End Transformation


You were on level 1 of the Dungeon.
You had temporarily grown beastly horns and talons.
You visited 1 branch of the dungeon, and saw 1 of its levels.

You collected 17 gold pieces.

Inventory:

Armour
 a - a +0 robe (worn)
Jewellery
 c - a +6 ring of dexterity
Potions
 b - a potion of lignification


   Skills:
 - Level 1.0 Fighting
 - Level 1.7 Dodging
 + Level 2.7 Unarmed Combat
 + Level 2.0 Spellcasting
 * Level 1.9 Transmutations


You had 3 spell levels left.
You knew the following spells:

 Your Spells              Type           Power      Damage    Failure   Level
a - Beastly Appendage     Tmut           14%        N/A       11%         1

Your spell library contained the following spells:

 Spells                   Type           Power      Damage    Failure   Level
 Wereblood                Tmut           7%         N/A       16%         2
 Spider Form              Tmut/Pois      4%         N/A       43%         3
 Ice Form                 Ice/Tmut       4%         N/A       83%         4


Dungeon Overview and Level Annotations

Branches:
Dungeon (1/15)

Altars:


Innate Abilities, Weirdness & Mutations

You have temporarily grown beastly horns and talons.


Message History

You closely miss the goblin. You headbutt the goblin.
The goblin is moderately wounded.
A giant cockroach comes into view.
The goblin closely misses you.
You barely miss the goblin. You claw the goblin, but do no damage.
The goblin is moderately wounded.
The goblin closely misses you.
You hit the goblin. Your kick misses the goblin.
You headbutt the goblin, but do no damage.
The goblin is heavily wounded.
The goblin hits you with a +0 club.
You barely miss the goblin. You claw the goblin.
You kill the goblin!
Your transformation is almost over.
You barely miss the frilled lizard.
Your headbutt misses the frilled lizard.
The endoplasm freezes you.
You are frozen.
The frilled lizard closely misses you.
You hit the frilled lizard but do no damage.
Your kick misses the frilled lizard. The endoplasm freezes you.
You are frozen.
The frilled lizard barely misses you.
You barely miss the frilled lizard.
You claw the frilled lizard, but do no damage.
The frilled lizard closely misses you. The endoplasm freezes you.
You are frozen.
You barely miss the frilled lizard. You claw the frilled lizard.
You kill the frilled lizard!
The endoplasm freezes you.
You are frozen.
* * * LOW HITPOINT WARNING * * *
You hit the giant cockroach. You headbutt the giant cockroach.
You kill the giant cockroach!
The endoplasm hits you but does no damage.
You closely miss the rat. Your kick misses the rat. You punch the rat.
You kill the rat!
The endoplasm freezes you.
You are frozen.
You die...

#...............#
#...............#
#...............#
#...............####
#................... .
#...................
#.#.###...####.###.....
...# #...# #.#########
.#.#..#@..####.##.......
......)J..+.............
#.#.#.#...#######.......
...#...# #....... #.#.
....# #....... .. ..
....# #....... # #.
.#...# #....... ..
.....# ###..... .#.#..#
#.....


You could see an endoplasm.

Vanquished Creatures
  A giant cockroach (D:1)
  A goblin (D:1)
  A frilled lizard (D:1)
  A rat (D:1)
4 creatures vanquished.

Notes
Turn   | Place    | Note
-------+----------+-------------------------------------------
     0 | D:1      | KittyKat the Demonspawn Transmuter began the quest for the
                  | Orb.
     0 | D:1      | Reached XP level 1. HP: 15/15 MP: 3/3
    95 | D:1      | Frozen to death by an endoplasm

Illustrated notes

Levels and vault maps discovered:
D:1:      amcnicky_arrival_flooded_fountain, layout_basic, hex_large,
          chequers_serial_rivers_micro_c, serial_bayou_lagoon_a

Action                   || total
-------------------------++-------
Melee: Unarmed           ||    11
       Kick              ||     4
       Headbutt          ||     3
       Punch             ||     1
 Cast: Beastly Appendage ||     1
Armor: Robe              ||     1
Dodge: Dodged            ||     5

Table legend: (Time is in decaauts)
 A = Elapsed time spent in this place.
 B = Non-inter-level travel time spent in this place.
 C = Inter-level travel time spent in this place.
 D = Time resting spent in this place.
 E = Time spent auto-exploring this place.
 F = Levels seen in this place.
 G = Mean time per level.
                   A        B        C        D        E       F      G
               +--------+--------+--------+--------+--------+-----+--------+
         Total |     94 |     94 |      0 |      0 |     54 |   1 |   94.0 |
       Dungeon |     94 |     94 |      0 |      0 |     54 |   1 |   94.0 |
               +--------+--------+--------+--------+--------+-----+--------+

Top non-repeatable levels by time:
     D:1: 94 daAuts
